 Dungeon Crawl Stone Soup version 0.17.2 (webtiles) character file.

9645 Goblin1989 the Basher (level 11, -4/86 HPs)
             Began as a Demonspawn Gladiator on July 11, 2016.
             Was an Initiate of Gozag.
             Splashed by a brown ugly thing's acid (5 damage)
             ... on level 10 of the Dungeon on July 12, 2016.
             The game lasted 00:35:22 (12218 turns).

Goblin1989 the Basher (Demonspawn Gladiator)       Turns: 12218, Time: 00:35:22

Health: -4/86      AC: 11    Str: 23    XL:     11   Next: 25%
Magic:  0/11       EV: 12    Int: 12    God:    Gozag
Gold:   909        SH:  0    Dex: 20    Spells: 0 memorised, 10 levels left

rFire  . . .     SeeInvis .     v - +3 whip of the Mind {freeze, Dex+6}
rCold  . . .     Clarity  .     f - +0 scale mail
rNeg   . . .     SustAt   .     (no shield)
rPois  +         Gourm    .     g - +2 helmet
rElec  .         Spirit   +     (no cloak)
rCorr  .         Warding  .     (no gloves)
rMut   .         Stasis   +     n - +1 pair of boots
MR     .....                    r - amulet of stasis
Stlth  ..........               F - ring of poison resistance
                                h - ring of wizardry

@: mighty, corroded equipment, not resistant to hostile enchantments, extremely
unstealthy
A: hooves 2, iridescent scales 2, blurry vision 1, clever 1, deterioration 1,
magic shield, magic regeneration, rot immunity, subdued magic 1
a: Potion Petition, Call Merchant, Bribe Branch, Renounce Religion


You were on level 10 of the Dungeon.
You worshipped Gozag.
Gozag was noncommittal.
You were not hungry.

You visited 1 branch of the dungeon, and saw 11 of its levels.

You collected 1979 gold pieces.
You spent 358 gold pieces at shops.
You paid 712 gold pieces to Gozag.

Inventory:

Hand Weapons
 v - the +3 whip of the Mind (weapon) {freeze, Dex+6}
   (You found it on level 4 of the Dungeon)

   It has been specially enchanted to freeze those struck by it, causing extra
   injury to most foes and up to half again as much damage against particularly
   susceptible opponents.
   It can also slow down cold-blooded creatures.
   It affects your dexterity (+6).
 J - a +0 blowgun
Missiles
 d - 4 throwing nets (quivered)
Armour
 f - a +0 scale mail (worn)
 g - a +2 helmet (worn)
 n - a +1 pair of boots (worn)
Jewellery
 a - a +3 ring of dexterity {unknown}
 h - a ring of wizardry (left hand)
 r - an amulet of stasis (around neck)
 F - a ring of poison resistance (right hand)
Wands
 b - a wand of confusion (0)
 s - a wand of lightning (0)
 w - a wand of digging (16)
 C - a wand of cold (0)
 I - a wand of flame (15)
 K - a wand of random effects (19)
Scrolls
 c - 3 scrolls of random uselessness {unknown}
 i - 7 scrolls of remove curse {unknown}
 j - 5 scrolls of immolation {unknown}
 k - 6 scrolls of identify {unknown}
 m - 3 scrolls of fear {unknown}
 o - a scroll of blinking {unknown}
 q - 2 scrolls of noise {unknown}
 u - a scroll of magic mapping {unknown}
 y - a scroll of vulnerability {unknown}
 D - a scroll of acquirement {unknown}
 E - 3 scrolls of amnesia {unknown}
 G - 3 scrolls of teleportation {unknown}
Potions
 l - 2 potions of cancellation {unknown}
 L - 2 potions of curing
Comestibles
 e - 4 bread rations
 p - a beef jerky


   Skills:
 + Level 8.1 Fighting
   Level 7.0 Long Blades
 * Level 10.8 Maces & Flails
 - Level 1.7 Throwing
 + Level 7.2 Armour
 - Level 2.6 Dodging


You had 10 spell levels left.
You didn't know any spells.

Dungeon Overview and Level Annotations

Branches:
Dungeon (11/15)            Temple (0/1) D:7            Lair (0/8) D:8
    Orc: D:9-12

Altars:
Dithmenos
Elyvilon
Fedhas
Gozag
Nemelex Xobeh
Ru
Sif Muna
Trog
Vehumet
Zin

Shops:
D:4 !%   D:6 *%?


Innate Abilities, Weirdness & Mutations

You have hoof-like feet.
You are mostly covered in iridescent scales (AC +6).
When hurt, damage is shared between your health and your magic reserves.
You regenerate magic rapidly.
You are immune to rotting.
Scrolls take you a little longer to read.
Your mind is acute. (Int +2)
Your body sometimes deteriorates upon taking damage.
Your spells are a little easier to cast, but a little less powerful.


Message History

The brown ugly thing tentacle-slaps you but does no damage.
You regained 23 hp, and now have 29/86 hp.
You hit the brown ugly thing. You freeze the brown ugly thing.
The brown ugly thing closely misses you.
You closely miss the brown ugly thing.
You hit the brown ugly thing but do no damage.
The brown ugly thing tentacle-slaps you but does no damage.
You closely miss the brown ugly thing. You closely miss the brown ugly thing.
The brown ugly thing tentacle-slaps you!
* * * LOW HITPOINT WARNING * * *
You are splashed with acid!
The acid burns!
* * * LOW HITPOINT WARNING * * *
You take 18 damage, and have 12/86 hp.
MASSIVE DAMAGE!!
You now have 1/11 mp.
You hit the brown ugly thing. You freeze the brown ugly thing.
The brown ugly thing tentacle-slaps you!
* * * LOW HITPOINT WARNING * * *
You are splashed with acid!
The acid burns!
You die...
Your body crumbles into a pile of gold.

...####.#.#.........
$ $
###.....#.#....#####
...######.#........#
###.......#....###.#
...########......#
.............###.###
......#.......ooo..#
....#.#.########u#(#
###.#.# ......#@#.#
.# # ......#'#$# .>
..........# ##.
.......$..#
..........#
..#'#.#...#
#.#.##### . #. ###


You could see a brown ugly thing, an orc warrior and an orc.

Vanquished Creatures
  The ghost of Goblin1989 the Martial Artist, a journeyman DsGl of Gozag (D:11)
  A hydra (D:10)
  A hill giant (D:10)
  An ugly thing (D:10)
  An elephant (D:8)
  A centaur skeleton (D:11)
  5 trolls
  A slime creature (D:10)
  A deep elf mage (D:9)
  Sigmund (D:4)
  A hippogriff (D:11)
  3 hungry ghosts
  4 water moccasins
  A sky beast (D:4)
  An ice beast (D:9)
  An orc warrior (D:8)
  3 black bears
  3 phantoms
  3 ogres
  3 centaurs
  A crocodile (D:8)
  A big kobold (D:9)
  A water moccasin zombie (D:8)
  6 giant frogs
  4 scorpions
  7 killer bees
  13 wights
  A jelly (D:9)
  A crimson imp (D:8)
  A giant frog zombie (D:11)
  8 orc wizards
  A quasit (D:9)
  2 iguanas
  6 hounds
  8 orc priests
  6 worker ants
  A sheep (D:8)
  The ghost of emiel the Shield-Bearer, a weakling OpFi (D:3)
  A hound skeleton (D:4)
  A worker ant zombie (D:11)
  7 gnolls
  6 adders
  An ooze (D:6)
  7 adder skeletons
  An adder zombie (D:9)
  A worm (D:3)
  37 orcs
  3 ball pythons
  4 giant cockroaches
  5 goblins
  11 hobgoblins
  5 jackals (D:1)
  2 quokkas
  13 bats
  3 giant geckos
  A giant gecko skeleton (D:4)
  2 giant newts
  19 kobolds
  3 quokka skeletons
  6 rats
245 creatures vanquished.

Notes
Turn   | Place    | Note
--------------------------------------------------------------
     0 | D:1      | Goblin1989 the Demonspawn Gladiator began the quest for the Orb.
     0 | D:1      | Reached XP level 1. HP: 16/16 MP: 1/1
   108 | D:1      | Reached skill level 3 in Long Blades
   206 | D:1      | Gained mutation: When hurt, damage is shared between your health and your magic reserves. [demonic ancestry]
   206 | D:1      | Reached XP level 2. HP: 20/22 MP: 2/2
   870 | D:2      | Gained mutation: You are immune to rotting. [demonic ancestry]
   870 | D:2      | Reached XP level 3. HP: 27/27 MP: 3/3
   904 | D:2      | Found a radiant altar of Vehumet.
  1122 | D:2      | Reached skill level 4 in Long Blades
  1895 | D:2      | Found an opulent altar of Gozag.
  1899 | D:2      | Became a worshipper of Gozag Ym Sagoz the Greedy
  1983 | D:3      | Gained mutation: You regenerate magic rapidly. [demonic ancestry]
  1983 | D:3      | Reached XP level 4. HP: 33/33 MP: 4/4
  2142 | D:3      | Noticed emiel's ghost (weakling OpFi)
  2403 | D:4      | Noticed Sigmund
  2426 | D:4      | Found a sparkling altar of Nemelex Xobeh.
  2439 | D:4      | Found Amo Zaes's Food Shop.
  2444 | D:4      | Reached skill level 5 in Long Blades
  2458 | D:4      | Reached XP level 5. HP: 36/38 MP: 5/5
  2480 | D:4      | Killed Sigmund
  2480 | D:4      | Reached skill level 6 in Long Blades
  2480 | D:4      | Gained mutation: You have large cloven feet. [demonic ancestry]
  2480 | D:4      | Reached XP level 6. HP: 44/44 MP: 6/6
  2521 | D:4      | Noticed a sky beast
  2552 | D:4      | Killed a sky beast
  2552 | D:4      | Reached skill level 7 in Long Blades
  2562 | D:4      | Bought a slice of pizza for 15 gold pieces
  2562 | D:4      | Bought a beef jerky for 15 gold pieces
  2562 | D:4      | Bought a slice of pizza for 15 gold pieces
  2562 | D:4      | Bought a meat ration for 50 gold pieces
  2562 | D:4      | Bought a bread ration for 50 gold pieces
  2781 | D:4      | Found a shadowy altar of Dithmenos.
  2783 | D:4      | Got a shimmering whip
  2784 | D:4      | Identified the +3 whip of the Mind {freeze, Dex+6} (You found it on level 4 of the Dungeon)
  2898 | D:4      | Reached skill level 1 in Maces & Flails
  2898 | D:4      | Gained mutation: You are partially covered in iridescent scales (AC +4). [demonic ancestry]
  2898 | D:4      | Reached XP level 7. HP: 22/50 MP: 3/7
  3153 | D:4      | Found Yweducue's Distillery.
  3377 | D:3      | Killed emiel's ghost
  4247 | D:4      | Bought a potion of heal wounds for 60 gold pieces
  4247 | D:4      | Bought a potion of heal wounds for 60 gold pieces
  4444 | D:5      | Entered Level 5 of the Dungeon
  4712 | D:5      | Found a white marble altar of Elyvilon.
  5185 | D:6      | Found a bloodstained altar of Trog.
  5244 | D:6      | Reached skill level 1 in Armour
  5275 | D:6      | Reached XP level 8. HP: 46/57 MP: 8/8
  5390 | D:6      | Reached skill level 5 in Maces & Flails
  5513 | D:6      | Found a glowing silver altar of Zin.
  5615 | D:6      | Found Xecret's Food Boutique.
  5620 | D:6      | Found Demuing's Assorted Antiques.
  5628 | D:6      | Bought a scroll labeled YPRERYCSUWUO for 24 gold pieces
  5628 | D:6      | Bought a scroll labeled YPRERYCSUWUO for 24 gold pieces
  5628 | D:6      | Bought a lumpy pink potion for 21 gold pieces
  5628 | D:6      | Bought a scroll labeled VEZATH HUFA for 24 gold pieces
  5662 | D:6      | Found Hasecuy's Magic Scroll Boutique.
  6054 | D:7      | Found a staircase to the Ecumenical Temple.
  6254 | D:7      | Found a sacrificial altar of Ru.
  6978 | D:8      | Gained mutation: You have hoof-like feet. [demonic ancestry]
  6978 | D:8      | Reached XP level 9. HP: 41/66 MP: 5/9
  6985 | D:8      | Noticed an elephant
  7031 | D:8      | Killed an elephant
  7220 | D:8      | Found a staircase to the Lair.
  7248 | D:8      | Reached skill level 5 in Fighting
  7896 | D:8      | Found a blossoming altar of Fedhas.
  8044 | D:9      | Reached skill level 8 in Maces & Flails
  8388 | D:9      | Reached skill level 5 in Armour
  8783 | D:9      | Reached XP level 10. HP: 71/76 MP: 10/10
  8937 | D:10     | Entered Level 10 of the Dungeon
  8939 | D:10     | Noticed a hill giant
  8971 | D:10     | Killed a hill giant
  8971 | D:10     | Reached skill level 9 in Maces & Flails
  9525 | D:10     | Noticed a brown ugly thing
  9607 | D:10     | Yermak: it's faster than you
 10060 | D:10     | Noticed a hill giant
 10074 | D:10     | Noticed a seven-headed hydra
 10240 | D:11     | Noticed Sonja
 10283 | D:11     | Found a deep blue altar of Sif Muna.
 10760 | D:11     | Noticed Sonja
 10760 | D:11     | Sonja changed into Sonja the black bear
 10775 | D:11     | Killed Sonja the black bear
 10843 | D:11     | Reached skill level 10 in Maces & Flails
 11098 | D:11     | Noticed Goblin1989's ghost (journeyman DsGl)
 11102 | D:11     | Gained mutation: You are mostly covered in iridescent scales (AC +6). [potion of mutation]
 11102 | D:11     | Gained mutation: Your spells are a little easier to cast, but a little less powerful. [potion of mutation]
 11102 | D:11     | Gained mutation: Scrolls take you a little longer to read. [potion of mutation]
 11145 | D:11     | Killed Goblin1989's ghost
 11590 | D:11     | Reached XP level 11. HP: 83/85 MP: 11/11
 12044 | D:10     | Gained mutation: Your mind is acute. (Int +2) [potion of mutation]
 12044 | D:10     | Gained mutation: Your body sometimes deteriorates upon taking damage. [potion of mutation]
 12049 | D:10     | Killed a seven-headed hydra
 12124 | D:10     | Noticed a green ugly thing
 12147 | D:10     | Killed a green ugly thing
 12218 | D:10     | HP: 1/86 [brown ugly thing (11)]
 12218 | D:10     | Splashed by a brown ugly thing's acid

Action                   |  1- 3 |  4- 6 |  7- 9 | 10-12 || total
-------------------------+-------+-------+-------+-------++-------
Melee: Long sword        |   129 |    94 |    14 |       ||   237
       Whip              |       |       |   635 |   496 ||  1131
Throw: Throwing net      |       |       |     3 |       ||     3
Invok: Potion Petition   |       |     1 |       |     1 ||     2
Evoke: Wand              |       |       |    14 |    16 ||    30
  Use: Potion            |       |     3 |     2 |    15 ||    20
 Stab: Held in net/web   |       |       |     2 |       ||     2
       Distracted        |       |       |     1 |       ||     1
       Confused          |       |       |     3 |       ||     3
  Eat: Chunk             |     3 |       |       |       ||     3
       Bread ration      |       |     1 |     2 |       ||     3
       Pizza             |       |       |     2 |     1 ||     3
       Meat ration       |       |       |     1 |     2 ||     3
       Fruit             |       |       |       |    15 ||    15
       Beef jerky        |       |       |       |     2 ||     2
